 Dungeon Crawl Stone Soup version 0.28-a0-1510-gd0f6b136d3 (webtiles) character file.

Game seed: 17294939726668532349

269 SmokeWeed the Sneak (level 6, 0/41 HPs)
             Began as an Octopode Brigand on Jan 16, 2022.
             Slain by an orc wizard (5 damage)
             ... on level 4 of the Dungeon.
             The game lasted 00:09:09 (3980 turns).

SmokeWeed the Sneak (Octopode Brigand)              Turns: 3980, Time: 00:09:10

Health: 0/41       AC:  1    Str: 12    XL:     6   Next: 22%
Magic:  7/7        EV: 13    Int: 14    God:
Gold:   199        SH:  0    Dex: 13    Spells: 3/6 levels left

rFire   . . .      SeeInvis .   g - +2 whip (pain)
rCold   . . .      Faith    .   (no shield)
rNeg    . . .      Spirit   .   (helmet restricted)
rPois   .          Reflect  .   (no amulet)
rElec   .          Harm     .   (no ring)
rCorr   .          Rampage  .   (no ring)
Will    .....                   (no ring)
Stlth   +++++.....              (no ring)
HPRegen 0.13/turn               (no ring)
MPRegen 0.10/turn               (no ring)
                                (no ring)
                                (no ring)

@: no status effects
A: almost no armour, amphibious, 8 rings, camouflage 1, gelatinous body 1,
(nimble swimmer 1), tentacles
a: no special abilities


You were on level 4 of the Dungeon.
You visited 1 branch of the dungeon, and saw 4 of its levels.

You collected 199 gold pieces.

Inventory:

Hand Weapons
 a - a +2 dagger
 b - a +0 falchion
 g - a +2 whip of pain (weapon)
 p - a +1 dagger of venom
Missiles
 c - 2 curare-tipped darts
 e - 7 sling bullets
 j - 7 poisoned darts (quivered)
Jewellery
 m - a +6 ring of intelligence
 n - a ring of wizardry
Scrolls
 l - a scroll of fear {unknown}
 o - a scroll of enchant weapon {unknown}
Potions
 d - a potion of resistance {unknown}
 f - a potion of curing {unknown}
 h - a potion of mutation {unknown}
 i - 2 potions of flight {unknown}
 k - a potion of attraction {unknown}
 q - a potion of heal wounds {unknown}


   Skills:
 * Level 2.9 Fighting
 + Level 2.1 Short Blades
 + Level 1.7 Maces & Flails
 + Level 2.4 Throwing
 * Level 1.6 Dodging
 + Level 7.8 Stealth
 * Level 0.7 Spellcasting
 * Level 0.8 Conjurations
 * Level 0.8 Air Magic
 * Level 1.0 Poison Magic


You had 3 spell levels left.
You knew the following spells:

 Your Spells              Type           Power      Damage    Failure   Level
a - Mephitic Cloud        Conj/Pois/Air  3%         N/A       50%         3

Your spell library contained the following spells:

 Spells                   Type           Power      Damage    Failure   Level
 Ignite Poison            Fire/Tmut/Pois 1%         N/A       56%         3
 Freezing Cloud           Conj/Ice/Air   1%         6-21      99%         5


Dungeon Overview and Level Annotations

Branches:
Dungeon (4/15)
 Temple: D:4-7

Altars:
Sif Muna


Innate Abilities, Weirdness & Mutations

You cannot wear most types of armour.
You are amphibious.
You can wear up to eight rings at the same time.
Your skin changes colour to match your surroundings (Stealth+).
Your rubbery body absorbs attacks. (AC +1, EV +1)
((You are camouflaged when in or above water. (Stealth+)))
You have tentacles for arms and can constrict up to eight enemies at once.


Message History

You feel a bit more experienced.
There is an open door here.
Throw: 8 darts (poison)
Press: ? - help, Q - select action, (/) - cycle Shift-Dir - straight line, f - orc
Aim: an orc, wielding a +0 dagger (moderately wounded, poisoned, 59% to hit)
You throw a poisoned dart. The poisoned dart hits the orc.
The orc looks even sicker.
The orc is moderately wounded.
The orc wizard casts a spell.
The orc wizard flickers and vanishes!
Deactivating autopickup; reactivate with Ctrl-A.
You kill the orc!
Throw: 7 darts (poison)
Press: ? - help, Q - select action, (/) - cycle Shift-Dir - straight line, f - you Really target yourself? [Y]es or [N]o only, please.
Really target yourself?
Okay, then.
You barely miss something. Something barely misses you.
You miss something. Something hits you.
You hit something. Something hits you.
You barely miss something. Your squeeze misses something. Something hits you.
You hit something. Something hits you.
You closely miss something. Something hits you.
You hit something but do no damage. Something hits you.
You miss something. Something hits you.
You closely miss something. Something hits you.
You hit something. Something hits you.
You hit something. Your squeeze misses something. Something hits you.
You barely miss something. Something hits you.
You closely miss something.
Your tentacle-slap misses something.
Something hits you.
* * * LOW HITPOINT WARNING * * *
You barely miss something. Your squeeze misses something.
You hear some strange, mumbled words.
A magic dart appears from out of thin air!
The magic dart hits you.
* * * LOW HITPOINT WARNING * * *
You closely miss something. Something hits you.
You die...

... #..#....# #......# .(.
#..#....# ###.####
....#..#...>#### #.#
.(o.#..#.......# #.#
....'..#.......# #.#
#(.#.......#### #.#
#..#............ #.#
#..#.....#############.#
#####..'.......{@.......#..#
.......#)...#.#######.#.#.##
#......#........# #.#.#.#
########....#.#.### #.#.#.#
.......(..........# #.#.#.#
............#.#.#.###.#.#)#
##.#.#..###.............#)#
#......# #.#.#.#.#..##.#.#
#.#.#..###...........#...#


There were no monsters in sight!

Vanquished Creatures
  An ogre (D:4)
  A water moccasin skeleton (D:4)
  Jessica (D:3)
  A hound skeleton (D:3)
  2 adders
  A worm (D:2)
  3 dart slugs (D:1)
  5 orcs
  5 endoplasms
  11 giant cockroaches
  5 hobgoblins
  4 jackals (D:1)
  5 quokkas
  4 ball pythons (D:1)
  4 frilled lizards
  2 goblins (D:1)
  6 kobolds
  3 rats
64 creatures vanquished.

Notes
Turn   | Place    | Note
-------+----------+-------------------------------------------
     0 | D:1      | SmokeWeed the Octopode Brigand began the quest for the Orb.
     0 | D:1      | Reached XP level 1. HP: 14/14 MP: 1/1
    84 | D:1      | Reached XP level 2. HP: 9/19 MP: 2/2
   307 | D:1      | Reached skill level 6 in Stealth
   640 | D:1      | Reached XP level 3. HP: 24/24 MP: 3/3
  1348 | D:1      | Found a faded altar of an unknown god.
  2026 | D:2      | Reached skill level 7 in Stealth
  2232 | D:3      | Reached XP level 4. HP: 28/29 MP: 4/4
  2706 | D:3      | Noticed Jessica
  2713 | D:3      | Killed Jessica
  2723 | D:3      | Found a shimmering blue altar of Sif Muna.
  3248 | D:3      | Learned a level 3 spell: Mephitic Cloud
  3362 | D:3      | Reached skill level 1 in Maces & Flails
  3445 | D:3      | Reached XP level 5. HP: 35/35 MP: 5/5
  3762 | D:4      | Noticed an ogre
  3816 | D:4      | Killed an ogre
  3817 | D:4      | Reached skill level 1 in Poison Magic
  3817 | D:4      | Reached XP level 6. HP: 30/41 MP: 5/7
  3980 | D:4      | Slain by an orc wizard

Illustrated notes

Levels and vault maps discovered:
D:1:      eino_arrival_druids_welcome, layout_loops_ring,
          shapermc_ecumenical_altar_notcrosses
D:2:      layout_basic
D:3:      minmay_roachtagon, layout_basic, tgw_sif
D:4:      layout_basic, serial_co_window_serial, co_window_paths_b,
          co_window_of_opportunity_a, co_window_of_opportunity_a,
          co_window_paths_a, co_window_corner_a, co_window_corner_cb,
          co_window_corner_cb, co_window_broadway_a, co_window_cross_2,
          co_window_broadway_c, glass_columns_c, glass_columns_a,
          glass_columns_c, hangedman_decor_riveting, roderic_filled_cross

Skill      XL: |  1  2  3  4  5 |
---------------+----------------+-----
Stealth        | 6 7 |  7.8
Maces & Flails | 1 |  1.7
Poison Magic   | 1 |  1.0
Fighting       | |  2.9
Short Blades   | |  2.1
Throwing       | |  2.4
Dodging        | |  1.6
Spellcasting   | |  0.7
Conjurations   | |  0.8
Air Magic      | |  0.8

Action                   |  1- 3 |  4- 6 || total
-------------------------+-------+-------++-------
Melee: Dagger            |    17 |       ||    17
       Tentacles         |    16 |    11 ||    27
       Constrict         |    16 |    11 ||    27
       Whip              |    44 |    70 ||   114
       Punch             |     1 |     1 ||     2
Throw: Dart              |     4 |    21 ||    25
  Use: Scroll            |     4 |     1 ||     5
 Stab: Sleeping          |    19 |     4 ||    23
Armor: Skin              |     2 |     5 ||     7
Dodge: Dodged            |    16 |    23 ||    39

Table legend: (Time is in decaauts)
 A = Elapsed time spent in this place.
 B = Non-inter-level travel time spent in this place.
 C = Inter-level travel time spent in this place.
 D = Time resting spent in this place.
 E = Time spent auto-exploring this place.
 F = Levels seen in this place.
 G = Mean time per level.
                   A        B        C        D        E       F      G
               +--------+--------+--------+--------+--------+-----+--------+
         Total |   3981 |   3981 |      0 |    795 |   2467 |   4 |  995.2 |
       Dungeon |   3981 |   3981 |      0 |    795 |   2467 |   4 |  995.2 |
               +--------+--------+--------+--------+--------+-----+--------+

Top non-repeatable levels by time:
     D:1: 1451 daAuts
     D:3: 1309 daAuts
     D:2: 774 daAuts
     D:4: 445 daAuts
